 Dungeon Crawl Stone Soup version 0.29-a0-541-gaf1fc19f1b (webtiles) character file.

Game seed: 2497915683669492604

69 Strat the Ducker (level 4, -3/26 (33) HPs)
             Began as a Merfolk Gladiator on June 2, 2022.
             Slain by an orc
             ... wielding a +1 flail of draining
              (4 damage)
             ... on level 2 of the Dungeon.
             The game lasted 00:04:23 (2125 turns).

Strat the Ducker (Merfolk Gladiator)                Turns: 2125, Time: 00:04:24

HP:   -3/26 (33)    AC:  6    Str: 16    XL:     4   Next: 20%
MP:   4/4           EV: 13    Int:  7    God:
Gold: 60            SH:  0    Dex: 15    Spells: 3/3 levels left

rFire   . . .      SeeInvis .   a - +0 trident
rCold   . . .      Faith    .   (no shield)
rNeg    . . .      Spirit   .   r - +0 ring mail
rPois   .          Reflect  .   c - +0 helmet
rElec   .          Harm     .   (no cloak)
rCorr   .          Rampage  .   (no gloves)
Will    .....                   (no boots)
Stlth   +.........              (no amulet)
HPRegen 0.08/turn               (no ring)
MPRegen 0.09/turn               (no ring)

@: brilliant, attractive, heavily drained
A: (nimble swimmer 2), mertail
a: no special abilities


You were on level 2 of the Dungeon.
You visited 1 branch of the dungeon, and saw 3 of its levels.

You collected 60 gold pieces.

Inventory:

Hand Weapons
 a - a +0 trident (weapon)
 b - a +0 hunting sling
Armour
 c - a +0 helmet (worn)
 p - a +0 leather armour
 r - a +0 ring mail (worn)
Scrolls
 f - 2 scrolls of teleportation {unknown}
 g - 2 scrolls of fog
 j - 2 scrolls of identify {unknown}
 k - a scroll of magic mapping {unknown}
 o - a scroll of fear {unknown}
 q - a scroll of noise {unknown}
 s - a scroll of enchant armour {unknown}
Potions
 i - 2 potions of attraction
 n - a potion of flight {unknown}


   Skills:
 - Level 2.1 Fighting
 + Level 5.4 Polearms
 - Level 2.0 Throwing
 + Level 5.4 Dodging


You had 3 spell levels left.
You didn't know any spells.
Your spell library contained the following spells:

 Spells                   Type           Power      Damage    Failure   Level
 Static Discharge         Conj/Air       0%         N/A       80%         2
 Ozocubu's Armour         Ice            0%         N/A       95%         3
 Dispel Undead            Necr           0%         3d6       100%        4
 Sticky Flame             Conj/Fire      0%         2d3       100%        4
 Ozocubu's Refrigeration  Ice            0%         4d5       100%        7


Dungeon Overview and Level Annotations

Branches:
Dungeon (3/15)

Altars:

Annotations:
D:3 Grinder, Natasha


Innate Abilities, Weirdness & Mutations

((You are very nimble when in or above water. (Stealth+, EV+, Speed+++)))
Your lower body shifts to a powerful aquatic tail in water.


Message History

The orc hits you with a +1 flail of draining.
* * * LOW HITPOINT WARNING * * *
You feel drained. The orc closely misses you. The adder closely misses you.
It was a potion of brilliance.
You feel clever all of a sudden. The orc closely misses you.
The orc misses you. The adder misses you.
It was a potion of magic.
Magic courses through your body. The orc completely misses you.
The orc misses you. The adder barely misses you.
The adder attacks as you move away! The adder bites you but does no damage.
The orc hits you with a +1 flail of draining.
* * * LOW HITPOINT WARNING * * *
You feel drained.
* * * LOW HITPOINT WARNING * * *
The orc closely misses you. The adder closely misses you.
The orc closely misses you. The orc attacks as you move away!
The orc closely misses you. x2
The orc attacks as you move away! The orc hits you but does no damage.
The orc attacks as you move away! The orc misses you.
The orc is attracted toward you.
Throw: throwing net
Press: ? - help, Q - select action, (/) - cycle Shift-Dir - straight line, f - orc
Aim: an orc, wielding a +0 flail and wearing a +0 leather armour (60% to hit)
You throw a throwing net. The throwing net barely misses the orc.
Throw: javelin
Press: ? - help, Q - select action Shift-Dir - straight line, f/p - orc
Aim: an orc, wielding a +0 flail and wearing a +0 leather armour (60% to hit)
You throw a javelin. The javelin pierces through the orc!
You kill the orc!
The orc hits you with a +1 flail of draining.
* * * LOW HITPOINT WARNING * * *
You feel drained.
* * * LOW HITPOINT WARNING * * *
You barely miss the orc.
The orc hits you with a +1 flail of draining.
* * * LOW HITPOINT WARNING * * *
You feel drained.
You hit the orc.
The orc is lightly wounded.
The orc hits you with a +1 flail of draining.
You die...

#.########....# #.##.#
#.# ######.§..## #.#.##
#.###.##§§§....####.#..#
#.##...§§§§§..........#<
#.###.##§§§.§>.#.######.
#.# #.###§§.§..#.# #.
#.# #.# #§..[..#.# ##
#.###.###.#.#..#.#####
#......@oS....(#.#...##
#####.###..##.....###.##
#.# #.†#####.## ##.#
##.###..#####.# #..
#.............## ##.#
#..###.........###.##
#..........###....##
#.########.# #(.###
##.########.###..#####


You could see an adder and an orc.

Vanquished Creatures
  An adder (D:2)
  5 dart slugs
  An orc (D:2)
  8 bats
  2 endoplasms (D:1)
  2 giant cockroaches
  3 goblins
  2 hobgoblins
  3 jackals (D:1)
  A kobold (D:2)
  6 quokkas
  4 ball pythons
  A frilled lizard (D:2)
  7 rats
46 creatures vanquished.

Notes
Turn   | Place    | Note
-------+----------+-------------------------------------------
     0 | D:1      | Strat the Merfolk Gladiator began the quest for the Orb.
     0 | D:1      | Reached XP level 1. HP: 16/16 MP: 1/1
   347 | D:1      | Reached XP level 2. HP: 15/22 MP: 2/2
   809 | D:1      | Reached XP level 3. HP: 18/27 MP: 3/3
  1006 | D:1      | Found a faded altar of an unknown god.
  1230 | D:1      | Reached skill level 5 in Dodging
  1352 | D:2      | Reached skill level 5 in Polearms
  1776 | D:2      | Reached XP level 4. HP: 24/33 MP: 4/4
  2084 | D:3      | Noticed Natasha
  2084 | D:3      | Noticed a phantom
  2085 | D:3      | Noticed Grinder
  2107 | D:3      | Noticed a scorpion
  2124 | D:2      | HP: 1/27 [orc/+1 flail of draining (1)]
  2125 | D:2      | Slain by an orc

Illustrated notes

Levels and vault maps discovered:
D:1:      grunt_arrival_crossed_arrows, layout_loops_ring,
          dreamdust_ecumenical_altar_angels_and_demons
D:2:      layout_loops_ring
D:3:      layout_rooms, fedhas_altar_4, roderic_serpentine_path, uniq_natasha,
          uniq_ijyb, uniq_terence, uniq_grinder

Skill      XL: |  1  2  3 |
---------------+----------+-----
Dodging        | 5 |  5.4
Polearms       | 5 |  5.4
Fighting       | |  2.1
Throwing       | |  2.0

Action                   |  1- 3 |  4- 6 || total
-------------------------+-------+-------++-------
Melee: Trident           |   148 |    17 ||   165
       Punch             |     1 |       ||     1
 Fire: Hunting sling     |     7 |       ||     7
Throw: Throwing net      |     3 |     3 ||     6
       Javelin           |       |     1 ||     1
  Use: Potion            |       |     4 ||     4
       Scroll            |       |     1 ||     1
 Stab: Sleeping          |     5 |       ||     5
Armor: Leather armour    |    30 |       ||    30
       Ring mail         |     3 |    10 ||    13
Dodge: Dodged            |    94 |    34 ||   128

Table legend: (Time is in decaauts)
 A = Elapsed time spent in this place.
 B = Non-inter-level travel time spent in this place.
 C = Inter-level travel time spent in this place.
 D = Time resting spent in this place.
 E = Time spent auto-exploring this place.
 F = Levels seen in this place.
 G = Mean time per level.
                   A        B        C        D        E       F      G
               +--------+--------+--------+--------+--------+-----+--------+
         Total |   2139 |   2079 |     60 |     73 |   1578 |   3 |  713.0 |
       Dungeon |   2139 |   2079 |     60 |     73 |   1578 |   3 |  713.0 |
               +--------+--------+--------+--------+--------+-----+--------+

Top non-repeatable levels by time:
     D:1: 1350 daAuts
     D:2: 766 daAuts
     D:3: 22 daAuts
